 Dungeon Crawl Stone Soup version 0.27.1-3-gb3d3a73c9e (webtiles) character file.

Game seed: 12938330916104842053

79 belegose the Charlatan (level 3, 0/29 HPs)
             Began as a Demigod Artificer on Oct 22, 2021.
             Slain by Natasha (5 damage)
             ... on level 1 of the Dungeon.
             The game lasted 00:04:25 (2658 turns).

belegose the Charlatan (Demigod Artificer)          Turns: 2658, Time: 00:04:26

Health: 0/29       AC:  6    Str: 17    XL:     3   Next: 97%
Magic:  5/5        EV: 10    Int: 13    God:
Gold:   42         SH:  0    Dex: 14    Spells: 2/2 levels left

rFire    . . .     SeeInvis .   f - +0 hand axe
rCold    . . .     Faith    .   (no shield)
rNeg     . . .     Spirit   .   j - +0 ring mail
rPois    .         Reflect  .   i - +0 helmet
rElec    .         Harm     .   (no cloak)
rCorr    .         Rampage  .   (no gloves)
Will     .....                  (no boots)
Stlth    +.........             (no amulet)
HPRegen  0.09/turn              (no ring)
MPRegen  0.09/turn              (no ring)

@: slowed, very slow
A: high mp 1, forlorn
a: no special abilities


You were on level 1 of the Dungeon.
You visited 1 branch of the dungeon, and saw 2 of its levels.

You collected 42 gold pieces.

Inventory:

Hand Weapons
 f - a +0 hand axe (weapon)
 p - a +0 hunting sling
Missiles
 a - 12 stones
 h - 16 boomerangs (quivered)
 l - 36 sling bullets
Armour
 b - a +0 leather armour
 i - a +0 helmet (worn)
 j - a +0 ring mail (worn)
 r - a +0 chain mail
Wands
 c - a wand of flame (14)
 d - a wand of charming (15)
Scrolls
 n - a scroll of noise {unknown}
 q - a scroll of identify {unknown}
Potions
 g - 2 potions of might {unknown}
 k - a potion of curing {unknown}
 m - a potion of brilliance {unknown}
 o - a potion of magic {unknown}
Miscellaneous
 e - a piece from Xom's chessboard (15/15)


   Skills:
 + Level 1.7 Fighting
 + Level 1.2 Throwing
 + Level 2.3 Armour
 - Level 0.8 Dodging
 + Level 1.9 Stealth
 + Level 3.1 Evocations


You had 2 spell levels left.
You didn't know any spells.
Your spell library was empty.

Dungeon Overview and Level Annotations

Branches:
Dungeon (2/15)

Shops:
D:1 =   D:2 (

Annotations:
D:1 Natasha


Innate Abilities, Weirdness & Mutations

Your attributes grow dramatically as you level up.
You have an increased reservoir of magic. (+10% MP)
You shall have no god before yourself.


Message History

Level annotation: Natasha Natasha stares at you and mumbles some strange words.
You resist with some effort.
There is a stone staircase leading up, spattered with blood here.
Unknown command.
The kobold throws a stone.
The stone hits you. Natasha casts a spell at you. The magic dart hits you.
Natasha stares at you and mumbles some strange words.
The magic dart hits you.
The kobold throws a stone.
The stone hits you but does no damage.
The kobold throws a stone.
The stone hits you.
Natasha howls an incantation.
Natasha glows brightly for a moment.
Natasha casts a spell at you. The magic dart hits you.
You climb upwards.
There is a stone staircase leading down here.
You hit Natasha.
Natasha is moderately wounded.
Natasha casts a spell at you.
You feel yourself slow down.
You hit Natasha.
Natasha is severely wounded.
Natasha claws you but does no damage.
Natasha zaps a wand.
You resist with some effort.
You hit Natasha.
Natasha is almost dead.
Natasha stares at you and mumbles some strange words.
The magic dart hits you!
* * * LOW HITPOINT WARNING * * *
Natasha claws you.
* * * LOW HITPOINT WARNING * * *
Aiming: Throw Flame
Press: ? - help, Shift-Dir - straight line, f - Natasha
Aim: Natasha, carrying a wand of polymorph (4) (almost dead, 64% to hit)
The puff of flame hits Natasha but does no damage.
Natasha is almost dead.
Natasha barely misses you. Natasha claws you.
You die...

.# #.#
.################# #.#
........†........# #.#
################.#####.#
#.##....# #.##.####
#.##.# #.##.# #@##.#
##### ########h##.#
....# ##........##.#
###.####...####^.^#.#
#......#.....^_^..#
######...####..^###
##.## ##### #########.#
.∩........#


You could see Natasha.

Vanquished Creatures
  Natasha (D:2)
  An adder (D:1)
  3 worms
  A dart slug (D:1)
  3 bats
  3 endoplasms
  A giant cockroach (D:1)
  3 goblins
  7 hobgoblins
  3 kobolds (D:1)
  A quokka (D:1)
  2 ball pythons (D:1)
  3 frilled lizards
  2 rats (D:1)
34 creatures vanquished.

Notes
Turn   | Place    | Note
-------+----------+-------------------------------------------
     0 | D:1      | belegose the Demigod Artificer began the quest for the Orb.
     0 | D:1      | Reached XP level 1. HP: 15/15 MP: 3/3
    66 | D:1      | Reached skill level 1 in Fighting
    95 | D:1      | Reached skill level 1 in Stealth
   496 | D:1      | Reached XP level 2. HP: 23/23 MP: 4/4
   620 | D:1      | Found Nyogil's Jewellery Boutique.
  1484 | D:1      | Reached skill level 3 in Evocations
  1484 | D:1      | Reached XP level 3. HP: 20/28 MP: 5/5
  1880 | D:2      | Reached skill level 1 in Throwing
  2017 | D:2      | Found Unacsinn's Antique Weapon Shoppe.
  2315 | D:2      | Noticed Natasha
  2352 | D:2      | Killed Natasha
  2533 | D:2      | Noticed Natasha
  2658 | D:1      | Slain by Natasha

Illustrated notes

Levels and vault maps discovered:
D:1:      minmay_arrival_jagged, layout_loops_ring, serial_shops, shop,
          ebering_ecumenical_altar_webs
D:2:      layout_rooms, serial_shops, nicolae_shop_waterfront, uniq_natasha

Skill      XL: |  1  2  3 |
---------------+----------+-----
Fighting       | 1 |  1.7
Stealth        | 1 |  1.9
Armour         | 2 |  2.3
Evocations     | 3 |  3.1
Throwing       | 1 |  1.2
Dodging        | |  0.8

Action                   || total
-------------------------++-------
Melee: Hand axe          ||   157
       Unarmed           ||     1
Throw: Boomerang         ||     7
Evoke: Wand              ||     1
 Stab: Sleeping          ||     1
Armor: Leather armour    ||    20
       Ring mail         ||    40
Dodge: Dodged            ||   114
